 Dungeon Crawl Stone Soup version 0.21.2-1-g0862bd23eb (console) character file.

3880 CALLOUS the Fighter (level 10, -2/100 HPs)
             Began as a Hill Orc Enchanter on Oct 9, 2019.
             Was a Follower of Beogh.
             Slain by a scorpion (6 damage)
             ... on level 8 of the Dungeon on Oct 10, 2019.
             The game lasted 04:14:21 (15692 turns).

CALLOUS the Fighter (Hill Orc Enchanter)           Turns: 15692, Time: 04:14:22

Health: -2/100     AC: 10    Str: 25    XL:     10   Next: 19%
Magic:  13/13      EV: 16    Int: 15    God:    Beogh [*.....]
Gold:   13         SH:  0    Dex: 21    Spells: 3/12 levels left

rFire    + . .     SeeInvis .   N - +2 trident of Modyq {freeze, Str+3}
rCold    + + .     Gourm    .   (no shield)
rNeg     . . .     Faith    .   g - +0 scale mail of Ameisoda {rElec rC+ Dex+5} (curse)
rPois    +         Spirit   .   x - +0 helmet
rElec    +         Reflect  .   M - scarf {repulsion}
rCorr    +         Harm     .   E - +1 pair of gloves
MR       .....                  D - +0 pair of boots
Stlth    ++........             U - amulet of magic regeneration
HPRegen  0.26/turn              (no ring)
MPRegen  0.38/turn              (no ring)

@: mighty, agile, lethally poisoned (-2 -> -29), resistant, flying, starving,
repel missiles
A: hooves 1, sense surroundings 1, strong 1
a: Renounce Religion


You were on level 8 of the Dungeon.
You worshipped Beogh.
Beogh was aware of your devotion.
You were starving.

You visited 2 branches of the dungeon, and saw 9 of its levels.

You collected 341 gold pieces.
You spent 328 gold pieces at shops.

Inventory:

Hand Weapons
 a - a +2 dagger of venom
 b - a +0 hunting sling
 j - a +0 long sword of holy wrath
 k - a +3 morningstar
 G - a +0 blowgun
 N - the +2 trident of Modyq (weapon) {freeze, Str+3}
   (You found it on level 7 of the Dungeon)

   It has been specially enchanted to freeze those struck by it, causing extra
   injury to most foes and up to half again as much damage against particularly
   susceptible opponents.
   It can also slow down cold-blooded creatures.
   It affects your strength (+3).
 S - a +0 battleaxe
 T - a +0 shortbow
 W - a +0 dagger of draining
 Y - a +3 flail
Missiles
 i - 77 stones
 r - 129 arrows
 s - 90 sling bullets
 z - 68 bolts
 B - 45 poisoned needles
 I - 9 tomahawks (quivered)
 K - a throwing net
Armour
 g - the cursed +0 scale mail of Ameisoda (worn) {rElec rC+ Dex+5}
   (You bought it in a shop on level 8 of the Dungeon)

   It affects your dexterity (+5).
   It protects you from cold.
   It insulates you from electricity.
   It has a curse placed upon it.
 x - a +0 helmet (worn)
 D - a +0 pair of boots (worn)
 E - a +1 pair of gloves (worn)
 M - a scarf of repulsion (worn)
 Q - a +0 shield
 V - a +2 hat
Jewellery
 o - an uncursed ring of positive energy {unknown}
 q - an uncursed ring of fire {unknown}
 w - a cursed -3 ring of protection {unknown}
 U - an amulet of magic regeneration (around neck)
 X - an uncursed ring of fire {unknown}
Wands
 C - a wand of iceblast (16)
 L - a wand of acid (8)
Scrolls
 e - 4 scrolls of blinking {unknown}
 f - 5 scrolls of teleportation {shop, unknown}
 h - 4 scrolls of immolation
 l - a scroll of noise {unknown}
 m - a scroll of fear {unknown}
 n - a scroll of vulnerability {shop, unknown}
 u - a scroll of enchant weapon {unknown}
 v - a scroll of identify
 y - 3 scrolls of amnesia {unknown}
 R - a scroll of remove curse {unknown}
Potions
 Z - 2 potions of brilliance {shop}
Books
 c - a book of Maledictions

   Spells                             Type                      Level
   a - Corona                         Hexes                        1
   b - Ensorcelled Hibernation        Hexes/Ice                    2
   c - Confuse                        Hexes                        3
   d - Tukima's Dance                 Hexes                        3
   e - Dazzling Spray                 Conjuration/Hexes            3
Comestibles
 d - 6 rations


   Skills:
 * Level 12.9 Fighting
 - Level 1.0 Short Blades
 * Level 10.3 Axes
 + Level 0.6 Armour
 - Level 1.5 Dodging
 - Level 2.4 Stealth
 - Level 1.5 Spellcasting
 - Level 3.0 Hexes
 * Level 4.7 Invocations


You had 3 spell levels left.
You knew the following spells:

 Your Spells              Type           Power        Failure   Level  Hunger
a - Corona                Hex            ##.....      17%         1    ##.....
b - Ensorcelled Hibernat  Hex/Ice        #.....       43%         2    ###....
c - Confuse               Hex            ##......     45%         3    ####...
d - Tukima's Dance        Hex            ##......     45%         3    ####...


Dungeon Overview and Level Annotations

Branches:
Dungeon (8/15)             Temple (1/1) D:4
   Lair: D:8-11

Altars:
Ashenzari
Cheibriados
Dithmenos
Elyvilon
Fedhas
Gozag
Hepliaklqana
Kikubaaqudgha
Makhleb
Nemelex Xobeh
Okawaru
Qazlal
Ru
Sif Muna
Trog
Uskayaw
Vehumet
Xom
Yredelemnul
Zin

Shops:
D:6 }   D:8 *

Annotations:
D:2 8bD
D:5 9opEshortofprot, exclusions: orc and orc priest
D:6 9opEhandleather, exclusions: bullfrog and orc priest
D:7 exclusion: sky beast


Innate Abilities, Weirdness & Mutations

You have large cloven feet.
You passively map a small area around you.
Your muscles are strong. (Str +2)


Message History

Here: a scorpion The floor, spattered with blood.
It was a potion of resistance.
You feel protected.
* * * LOW HITPOINT WARNING * * *
You feel very sick. The scorpion misses you.
It was a potion of might.
You feel very mighty all of a sudden.
* * * LOW HITPOINT WARNING * * *
You feel very sick. The scorpion stings you!
* * * LOW HITPOINT WARNING * * *
It was a potion of flight.
You feel very buoyant.
You fly up into the air.
* * * LOW HITPOINT WARNING * * *
You feel very sick. The scorpion stings you.
You die...

......#.# #.#
#)#.###.# #.# #.#.#
#.# #.##### #.#.# #.#
#.....# #.#.# #.#
#####.# #.#.# #.# #.#
#.#.# #.###########.#
#...# #.......<.....#
##..#################
##.>.............#
################@# #
####.....c..#s# #
#............># #
#./.........).# #
#.............# #
#..........(..# # *
#<####.#.# #.# #.#.#
#.., ..#.# * ####* ,


You could see a scorpion.

Vanquished Creatures
  2 hungry ghosts (D:8)
  A water moccasin (D:8)
  2 sky beasts
  A phantom (D:6)
  An ice beast (D:8)
  4 ogres
  5 centaurs
  2 bullfrogs (D:7)
  A gnoll sergeant (D:6)
  3 scorpions
  12 killer bees (D:8)
  A howler monkey (D:5)
  5 wights (D:6)
  5 crimson imps
  3 jellies
  A centaur zombie (D:7)
  2 bullfrog zombies
  6 hounds
  A bullfrog skeleton (D:6)
  5 worker ants
  2 iguanas
  3 orc wizards
  A worker ant zombie (D:5)
  5 gnolls (D:6)
  13 adders
  An ooze (D:3)
  An adder zombie (D:7)
  An adder skeleton (D:7)
  4 worms
  A dart slug (D:3)
  6 leopard geckos
  21 orcs
  4 giant cockroaches
  8 goblins
  6 hobgoblins
  6 jackals
  A quokka (D:8)
  3 ball pythons
  14 bats
  5 frilled lizards
  A giant cockroach zombie (D:5)
  7 kobolds
  A leopard gecko zombie (D:7)
  10 rats
188 creatures vanquished.

Vanquished Creatures (collateral kills)
  An orc warrior (D:7)
  2 ogres
  An orc wizard (D:7)
4 creatures vanquished.

Vanquished Creatures (others)
  4 dancing weapons
  A sky beast (D:7)
5 creatures vanquished.

Grand Total: 197 creatures vanquished

Notes
Turn   | Place    | Note
-------+----------+-------------------------------------------
     0 | D:1      | CALLOUS the Hill Orc Enchanter began the quest for the Orb.
     0 | D:1      | Reached XP level 1. HP: 14/14 MP: 3/3
    68 | D:1      | Reached skill level 1 in Fighting
   214 | D:1      | Reached skill level 2 in Fighting
   214 | D:1      | Reached XP level 2. HP: 13/24 MP: 1/4
   218 | D:1      | Learned a level 2 spell: Ensorcelled Hibernation
  1744 | D:2      | Reached skill level 3 in Fighting
  1778 | D:2      | Reached XP level 3. HP: 31/31 MP: 5/5
  2011 | D:2      | Noticed a bullfrog
  2371 | D:2      | Found a hazy altar of Hepliaklqana.
  2808 | D:2      | Reached skill level 4 in Fighting
  2901 | D:3      | Reached XP level 4. HP: 26/41 MP: 1/6
  3544 | D:2      | Learned a level 3 spell: Confuse
  3651 | D:3      | Reached skill level 5 in Fighting
  4223 | D:3      | Reached XP level 5. HP: 48/48 MP: 7/7
  5042 | D:3      | Found a glowing silver altar of Zin.
  5119 | D:3      | Found a basalt altar of Yredelemnul.
  5123 | D:3      | Found a stormy altar of Qazlal.
  5125 | D:3      | Found a radiant altar of Vehumet.
  5500 | D:4      | Noticed an ogre
  5536 | D:4      | Reached skill level 6 in Fighting
  5960 | D:4      | Reached XP level 6. HP: 47/58 MP: 1/8
  6107 | D:4      | Found a staircase to the Ecumenical Temple.
  6114 | Temple   | Entered the Ecumenical Temple
  6179 | Temple   | Became a worshipper of Ru the Awakened
  6502 | D:4      | Reached skill level 7 in Fighting
  6784 | D:5      | Entered Level 5 of the Dungeon
  7250 | D:5      | Reached skill level 8 in Fighting
  7348 | D:5      | Reached XP level 7. HP: 69/69 MP: 9/9
  7383 | D:5      | Learned a level 3 spell: Tukima's Dance
  7934 | D:5      | Found a shattered altar of Ashenzari.
  7961 | D:5      | Found a shimmering altar of Xom.
  8016 | D:5      | Reached skill level 9 in Fighting
  8244 | D:4      | HP: 1/70 [ogre/giant club (13)]
  8245 | D:4      | Reached skill level 1 in Axes
  8958 | D:5      | Reached skill level 10 in Fighting
  8958 | D:5      | Reached XP level 8. HP: 43/79 MP: 2/10
  9180 | D:5      | Noticed a moth of wrath
  9183 | D:5      | Found a bloodstained altar of Trog.
  9460 | D:5      | Fell from the grace of Ru
  9460 | D:5      | Became a worshipper of Beogh the Brigand
  9819 | D:6      | Reached skill level 1 in Invocations
 10072 | D:6      | Found a glowing drain.
 10556 | D:6      | Reached skill level 5 in Axes
 10979 | D:6      | Reached skill level 11 in Fighting
 11188 | D:6      | Found Arona's Gadget Emporium.
 11235 | D:6      | Reached XP level 9. HP: 89/89 MP: 0/11
 11601 | D:7      | Reached * piety under Beogh
 13290 | D:7      | Got an encrusted trident
 13291 | D:7      | Identified the +2 trident of Modyq {freeze, Str+3} (You found it on level 7 of the Dungeon)
 13813 | D:8      | Reached skill level 12 in Fighting
 14077 | D:8      | HP: 4/90 [killer bee (6)]
 14094 | D:7      | HP: 4/90 [poisoned by a killer bee]
 14102 | D:7      | HP: 4/90 [poisoned by a killer bee]
 14459 | D:8      | Found Piosiddonk's Assorted Antiques.
 14470 | D:8      | Bought 3 dark potions for 64 gold pieces
 14470 | D:8      | Bought a scroll labeled KUULUK SANIUQU for 24 gold pieces
 14470 | D:8      | Bought a scroll labeled GIUDON CENWEFO for 24 gold pieces
 14765 | D:8      | Reached XP level 10. HP: 68/99 MP: 10/13
 14789 | D:8      | Reached ** piety under Beogh
 14962 | D:8      | Reached skill level 10 in Axes
 15002 | D:8      | Bought a smelly scale mail for 216 gold pieces
 15002 | D:8      | Identified the cursed +0 scale mail of Ameisoda {rElec rC+ Dex+5} (You bought it in a shop on level 8 of the Dungeon)
 15380 | D:8      | Found a sparkling altar of Nemelex Xobeh.
 15380 | D:8      | Found an opulent altar of Gozag.
 15685 | D:8      | Gained mutation: You have large cloven feet. [potion of mutation]
 15685 | D:8      | Gained mutation: You passively map a small area around you. [potion of mutation]
 15685 | D:8      | Gained mutation: Your muscles are strong. (Str +2) [potion of mutation]
 15686 | D:8      | HP: 3/100 [poisoned by a water moccasin]
 15692 | D:8      | HP: 4/100 [poisoned by a water moccasin]
 15692 | D:8      | Slain by a scorpion

Skill      XL: |  1  2  3  4  5  6  7  8  9 10 |
---------------+-------------------------------+-----
Fighting       | 2 3 4 5 6 8 10 11 12 | 12.9
Axes           | 2 6 9 10 | 10.3
Invocations    | 2 4 |  4.7
Short Blades   | |  1.0
Armour         | |  0.6
Dodging        | |  1.5
Stealth        | |  2.4
Spellcasting   | |  1.5
Hexes          | |  3.0

Action                   |  1- 3 |  4- 6 |  7- 9 | 10-12 || total
-------------------------+-------+-------+-------+-------++-------
Melee: Dagger            |   149 |    80 |   122 |    10 ||   361
       Battleaxe         |       |       |   143 |    27 ||   170
       Trident           |       |       |       |    17 ||    17
 Fire: Hunting sling     |       |   106 |    26 |       ||   132
       Blowgun           |       |    21 |    40 |     1 ||    62
       Shortbow          |       |       |   162 |    13 ||   175
Throw: Stone             |    77 |    36 |     3 |       ||   116
       Tomahawk          |       |     3 |    20 |     1 ||    24
 Cast: Corona            |    26 |    21 |     4 |       ||    51
       Ensorcelled Hiber |    19 |    19 |    94 |       ||   132
       Confuse           |       |     5 |    27 |     2 ||    34
       Tukima's Dance    |       |       |    22 |       ||    22
Invok: Convert to Beogh  |       |       |     1 |       ||     1
Evoke: Wand              |       |     1 |       |       ||     1
  Use: Scroll            |       |       |     4 |     1 ||     5
       Potion            |       |       |     3 |     9 ||    12
 Stab: Sleeping          |    12 |    12 |    38 |       ||    62
       Confused          |       |       |     4 |       ||     4
  Eat: Chunk             |     9 |    13 |    27 |     1 ||    50
       Ration            |       |     1 |     4 |     2 ||     7
Armor: Robe              |    35 |    25 |   119 |       ||   179
       Scale mail        |       |       |       |    22 ||    22
Dodge: Dodged            |    98 |    79 |   307 |    32 ||   516
       Deflected         |       |       |     8 |       ||     8
